AoeStats
← eason7827

Black Forest

510769442Analyzed
4v4 RM · 22h ago on Oct 2, 2026· 48m 24s· 8 players
Game mode
Random Map
Map size
Large (8 player)
Population
200
Speed
Normal
Resources
Standard
Victory
Conquest
Starting age
Dark Age
Ending age
Imperial Age
RankedLock teamsTeams togetherTeam positionsShared explorationLock speedFull tech treeHidden civsTurbo modeCheats
Victory
Defeat
🇨🇳 Mongols · China
1140
+10
951
+17
🇨🇳 Khmer · China
917
+18
🇨🇳 Burmese · China
878
+21
🇹🇼 Teutons · Taiwan
984
-17
🇹🇼 Italians · Taiwan
984
-17
🇹🇼 Vietnamese · Taiwan
975
-16
🇹🇼 Vikings · Taiwan
960
-16
蒸馍
11:47 Feudal Age
12:34 Fishing Lines
12:43 Double-Bit Axe
16:35 Castle Age
18:13 Bow Saw
18:35 Gillnets
19:20 Horse Collar
20:45 Wheelbarrow
21:22 Heavy Plow
27:00 Hand Cart
29:43 Imperial Age
27:44 Ballistics
27:43 Fletching
27:53 Padded Archer Armor
28:45 Gold Mining
28:47 Stone Mining
29:08 Husbandry
29:14 Thumb Ring
29:20 Bloodlines
29:22 Bodkin Arrow
30:54 Gold Shaft Mining
30:37 Leather Archer Armor
31:07 Conscription
32:05 Drill
31:59 Onager
32:56 Siege Engineers
33:02 Fortified Wall
33:03 Masonry
34:45 Chemistry
34:26 Elite Mangudai
36:07 Siege Onager
37:25 Caravan
37:44 Murder Holes
38:14 Bracer
38:25 Forging
38:20 Scale Barding Armor
39:05 Capped Ram
41:20 Siege Ram
47:51 Iron Casting
47:36 Chain Barding Armor
47:00 Spies/Treason
長崎 そよ
0:36 Loom
12:08 Feudal Age
15:57 Castle Age
14:22 Double-Bit Axe
16:15 Wheelbarrow
17:40 Horse Collar
23:53 Bow Saw
25:21 Gold Mining
28:29 Gold Shaft Mining
28:10 Heavy Plow
31:32 Imperial Age
30:21 Caravan
31:51 Ballistics
31:43 Fortified Wall
32:17 Hand Cart
31:49 Town Watch
33:16 Chemistry
32:22 Siege Engineers
31:38 Capped Ram
32:59 Crop Rotation
33:12 Siege Ram
33:37 Heavy Scorpion
35:05 Double Crossbow
35:26 Conscription
Death_noob5
11:48 Feudal Age
13:36 Horse Collar
16:44 Castle Age
17:47 Heavy Plow
20:15 Loom
23:13 Wheelbarrow
22:23 Town Watch
26:31 Hand Cart
26:18 Town Patrol
27:35 Fervor
27:46 Sanctity
28:53 Gold Mining
28:53 Stone Mining
31:52 Imperial Age
30:48 Gold Shaft Mining
30:34 Treadmill Crane
31:05 Masonry
31:01 Herbal Medicine
32:22 Manipur Cavalry
32:53 Ballistics
33:22 Block Printing
33:34 Conscription
34:45 Chemistry
33:53 Siege Engineers
34:09 Forging
34:23 Gambesons
34:38 Squires
34:00 Man-at-Arms
34:00 Pikeman
34:25 Arson
35:31 Iron Casting
34:56 Scale Mail Armor
35:02 Scale Barding Armor
34:47 Fletching
34:57 Padded Archer Armor
34:46 Long Swordsman
34:46 Halberdier
36:00 Chain Mail Armor
35:23 Two-Handed Swordsman
36:03 Champion
45:12 Architecture
44:53 Fortified Wall
49:42 Blast Furnace
49:12 Plate Mail Armor
48:38 Bodkin Arrow
吸любящий怔отец熏
7:07 Loom
11:51 Feudal Age
13:39 Horse Collar
13:45 Double-Bit Axe
16:41 Castle Age
18:24 Wheelbarrow
17:52 Heavy Plow
18:07 Bow Saw
25:40 Gold Mining
25:41 Stone Mining
27:35 Gold Shaft Mining
27:36 Stone Shaft Mining
31:32 Imperial Age
29:17 Hand Cart
29:08 Husbandry
29:34 Bloodlines
29:11 Treadmill Crane
29:54 Ballistics
30:42 Caravan
31:12 Coinage
30:54 Forging
30:49 Scale Barding Armor
31:34 Scale Barding Armor
32:35 Conscription
32:26 Thunderclap Bombs
32:42 Chain Barding Armor
32:57 Iron Casting
32:06 Elite Steppe Lancer
35:22 Chemistry
35:30 Blast Furnace
35:15 Plate Barding Armor
35:57 Padded Archer Armor
38:10 Leather Archer Armor
38:05 Siege Engineers
48:11 Guilds
48:31 Banking
eason7827
0:31 Loom
11:46 Feudal Age
16:26 Castle Age
17:48 Double-Bit Axe
19:05 Horse Collar
23:50 Wheelbarrow
24:55 Hand Cart
25:29 Gold Mining
26:17 Bow Saw
27:53 Stone Mining
31:24 Imperial Age
30:19 Scale Barding Armor
30:24 Forging
31:00 Bloodlines
31:45 Stone Shaft Mining
33:12 Chemistry
32:52 Cavalier
34:48 Paladin
35:42 Pikeman
38:16 Halberdier
38:41 Gambesons
38:57 Squires
45:52 Elite Skirmisher
46:36 Fletching
46:46 Padded Archer Armor
粽煮鴿
10:44 Feudal Age
18:36 Castle Age
17:03 Double-Bit Axe
17:02 Horse Collar
17:29 Stone Mining
17:44 Gold Mining
19:59 Heavy Plow
21:42 Bow Saw
27:13 Gold Shaft Mining
31:51 Imperial Age
29:26 Scale Mail Armor
29:36 Forging
29:49 Squires
29:35 Arson
30:24 Chieftains
30:43 Man-at-Arms
32:19 Chain Mail Armor
32:40 Iron Casting
32:07 Caravan
32:56 Conscription
31:59 Elite Berserk
32:06 Elite Varangian Guard
32:08 Long Swordsman
33:33 Plate Mail Armor
34:24 Crop Rotation
34:59 Two-Man Saw
33:51 Two-Handed Swordsman
36:04 Champion
39:10 Blast Furnace
軒軒仔
0:29 Loom
12:52 Feudal Age
17:05 Castle Age
16:15 Double-Bit Axe
18:25 Bow Saw
21:49 Horse Collar
22:54 Fishing Lines
23:33 Gillnets
27:22 Wheelbarrow
29:30 Imperial Age
27:42 Wheelbarrow
28:43 Fletching
28:54 Padded Archer Armor
29:02 Scale Barding Armor
29:15 Gold Mining
30:14 Heavy Plow
31:20 Chemistry
30:40 Ballistics
30:31 Bodkin Arrow
30:53 Leather Archer Armor
32:14 Two-Man Saw
31:08 Stone Mining
31:35 Treadmill Crane
32:06 Fortified Wall
32:38 Husbandry
32:49 Bloodlines
31:59 Light Cavalry
33:53 Bracer
34:23 Ring Archer Armor
33:16 Elite Skirmisher
33:37 Hussar
35:08 Imperial Skirmisher
37:04 Crossbowman
38:27 Masonry
40:56 Forging
deygas1127
0:28 Loom
10:27 Feudal Age
11:48 Double-Bit Axe
14:07 Horse Collar
19:05 Castle Age
17:56 Gold Mining
20:42 Bow Saw
22:07 Wheelbarrow
24:47 Stone Mining
27:28 Heavy Plow
30:04 Imperial Age
27:36 Elite Skirmisher
28:58 Pikeman
32:36 Fletching
32:12 Imperial Skirmisher
34:12 Light Cavalry
37:45 Thumb Ring
42:38 Chemistry
Connection lost

Rejoining the realm…

Still unreachable

The connection could not be restored.

Session expired

The server has moved on; the page needs a fresh start.